 Dungeon Crawl Stone Soup version 0.30-a0-121-gb27577e5d9 (webtiles) character file.

Game seed: 15631509455634923295

1313 Dreamer the Shield-Bearer (level 8, -1/70 HPs)
             Began as a Formicid Fighter on Sept 14, 2022.
             Slain by a water moccasin (3 damage)
             ... on level 6 of the Dungeon.
             The game lasted 00:18:07 (7638 turns).

Dreamer the Shield-Bearer (Formicid Fighter)        Turns: 7638, Time: 00:18:08

Health: -1/70      AC: 10    Str: 22 (23) XL:     8   Next: 89%
Magic:  8/8        EV:  7    Int:  6 (8)  God:
Gold:   266        SH:  5    Dex: 10 (13) Spells: 7/7 levels left

rFire   + . .      SeeInvis +    g - +0 short sword (elec)
rCold   + . .      Faith    .    c - +0 buckler
rNeg    . . .      Spirit   .    s - +0 chain mail
rPois   +          Reflect  .    (helmet unavailable)
rElec   +          Harm     .    (no cloak)
rCorr   +          Rampage  .    (no gloves)
Will    .....                    (no boots)
Stlth   ..........               (no amulet)
HPRegen 0.21/turn                (no ring)
MPRegen 0.11/turn                (no ring)

@: lethally poisoned (-1 -> -5), resistant, attractive
A: permanent stasis, dig shafts and tunnels, antennae 3, four strong arms,
mutation resistance 1, robust 1
a: Dig, Shaft Self


You were on level 6 of the Dungeon.
You visited 1 branch of the dungeon, and saw 6 of its levels.

You collected 266 gold pieces.

Inventory:

Hand Weapons
 a - a +0 flail
 g - a +0 short sword of electrocution (weapon)
Missiles
 B - a throwing net
Armour
 c - a +0 buckler (worn)
 s - a +0 chain mail (worn)
 C - the +0 leather armour of Xom's Envy {rC+ Dex+3}
   (You found it on level 4 of the Dungeon)

   Dex:       It affects your dexterity (+3).
   rC:        It protects you from cold.
Jewellery
 E - a +4 ring of protection
Wands
 l - a wand of iceblast (20)
 o - a wand of polymorph (11)
 D - a wand of flame (14)
Scrolls
 b - a scroll of silence {unknown}
 e - 3 scrolls of teleportation {unknown}
 f - a scroll of enchant weapon {unknown}
 h - 3 scrolls of vulnerability {unknown}
 i - a scroll of butterflies {unknown}
 j - a scroll of enchant armour {unknown}
 m - a scroll of fear {unknown}
 t - 2 scrolls of immolation {unknown}
 v - 2 scrolls of identify
 w - 4 scrolls of noise {unknown}
 y - 3 scrolls of poison {unknown}
 A - a scroll of torment {unknown}
Potions
 d - a potion of might
 k - 2 potions of magic
 n - a potion of resistance
 r - a potion of curing {unknown}
 u - a potion of heal wounds {unknown}
 x - a potion of lignification {unknown}
 z - a potion of cancellation {unknown}


   Skills:
 + Level 6.0 Fighting
 * Level 6.7 Maces & Flails
 + Level 5.8 Armour
 + Level 7.1 Shields


You had 7 spell levels left.
You didn't know any spells.
Your spell library contained the following spells:

 Spells                   Type           Power      Damage    Failure   Level
 Dazzling Flash           Conj/Hex       0%         N/A       100%        3
 Agony                    Necr           0%         N/A       100%        5
 Silence                  Hex/Air        0%         N/A       100%        5


Dungeon Overview and Level Annotations

Branches:
Dungeon (6/15)             Temple (0/1) D:5

Altars:
Fedhas
Qazlal
Ru
Vehumet
Wu Jian
Zin
The Shining One

Shops:
D:1 :=

Annotations:
D:5 2 transporters, fly's ghost, weakling DgDe
D:6 Dowan; Duvessa


Innate Abilities, Weirdness & Mutations

You cannot be hasted, slowed, berserked, paralysed or teleported.
You can dig through walls and to a lower floor.
You have a pair of large antennae on your head. (SInv)
Your four strong arms can wield two-handed weapons with a shield.
You are somewhat resistant to further mutation.
You are robust. (+10% HP)


Message History

The water moccasin closely misses you.
You closely miss the water moccasin.
The water moccasin is moderately wounded.
* * * LOW HITPOINT WARNING * * *
You feel very sick. You block the water moccasin's attack.
The water moccasin bites you but does no damage.
You hit the water moccasin.
The water moccasin is moderately wounded.
* * * LOW HITPOINT WARNING * * *
You feel very sick. You block the water moccasin's attack.
You hit the water moccasin.
Lightning courses through the water moccasin!
The water moccasin is severely wounded.
* * * LOW HITPOINT WARNING * * *
You feel very sick.
The water moccasin bites you but does no damage. x2
You feel protected.
* * * LOW HITPOINT WARNING * * *
You feel very sick. The water moccasin bites you.
* * * LOW HITPOINT WARNING * * *
You barely miss the water moccasin.
The water moccasin is severely wounded.
* * * LOW HITPOINT WARNING * * *
You feel very sick.
The water moccasin bites you but does no damage.
You block the water moccasin's attack.
It was a potion of attraction.
You feel attractive to monsters.
* * * LOW HITPOINT WARNING * * *
You feel sick.
The water moccasin bites you but does no damage.
It was a potion of degeneration.
There was something very wrong with that liquid.
You feel weakened.
You feel dopey.
You feel clumsy.
* * * LOW HITPOINT WARNING * * *
You feel sick. The water moccasin bites you.
You die...

#.......##.# #.#.# #.#
#..<....##.# #.#.# #.#
#.......##.# #.#.# #.#
'.......##.# #.#.#######.#
#.......##.###.#.........#
#.......##...............#
#.......######.#.#####...#
#.......+........# #...########
........########@#####..........#
....##### ###.S........####.##
##...# #.....####...####.# ##..#
#.#.#.............# #..##
#.#.#....###.####### #...##
#.#.#.#............# #.#..##
#.#.#.#.##.#(####.## #.##..####
#.#.#....#.#....#.# #.###....#
#.#.###..#.####.#.#


You could see a water moccasin.

Vanquished Creatures
  Grinder (D:3)
  A sky beast (D:6)
  A black bear (D:6)
  A centaur (D:6)
  A phantom (D:3)
  A bullfrog (D:6)
  A necrophage (D:5)
  3 scorpions (D:5)
  3 hounds
  An orc priest (D:4)
  A gnoll bouda (D:4)
  2 iguanas (D:5)
  An orc wizard (D:4)
  9 gnolls
  9 adders
  2 dart slugs (D:1)
  5 orcs
  8 endoplasms
  3 giant cockroaches
  5 goblins
  5 hobgoblins (D:1)
  9 jackals
  7 kobolds
  A quokka (D:1)
  2 ball pythons
  4 bats
  5 frilled lizards
  13 rats
105 creatures vanquished.

Vanquished Creatures (others)
  6 fungi
  3 plants (D:3)
9 creatures vanquished.

Grand Total: 114 creatures vanquished

Notes
Turn   | Place    | Note
-------+----------+-------------------------------------------
     0 | D:1      | Dreamer the Formicid Fighter began the quest for the Orb.
     0 | D:1      | Reached XP level 1. HP: 18/18 MP: 1/1
    35 | D:1      | Reached XP level 2. HP: 14/24 MP: 2/2
   272 | D:1      | Found Weatsoet's Book Emporium.
   396 | D:1      | Reached XP level 3. HP: 14/29 MP: 3/3
   663 | D:1      | Found a faded altar of an unknown god.
   885 | D:1      | Found Oraur's Jewellery Emporium.
  1283 | D:2      | Found a glowing silver altar of Zin.
  1682 | D:2      | Reached XP level 4. HP: 33/37 MP: 4/4
  2342 | D:3      | Found a blossoming altar of Fedhas.
  2390 | D:3      | Noticed Grinder
  2798 | D:3      | Killed Grinder
  2799 | D:3      | Reached skill level 5 in Shields
  2799 | D:3      | Reached XP level 5. HP: 16/43 MP: 5/5
  2799 | D:3      | Reached XP level 6. HP: 19/49 MP: 6/6
  3401 | D:3      | Found a sacrificial altar of Ru.
  3662 | D:3      | Reached XP level 7. HP: 48/55 MP: 7/7
  3806 | D:4      | Found a radiant altar of Vehumet.
  4240 | D:4      | Found a stormy altar of Qazlal.
  4309 | D:4      | You fall into a shaft and drop 1 floor!
  4309 | D:5      | Entered Level 5 of the Dungeon
  4581 | D:3      | Reached skill level 5 in Maces & Flails
  4629 | D:4      | Found a glowing golden altar of the Shining One.
  4661 | D:4      | Reached skill level 5 in Fighting
  4745 | D:4      | Identified the +0 leather armour of Xom's Envy {rC+ Dex+3}
  4962 | D:4      | Reached skill level 6 in Shields
  5192 | D:5      | Found a staircase to the Ecumenical Temple.
  5245 | D:5      | Reached skill level 5 in Armour
  5308 | D:5      | Reached XP level 8. HP: 62/62 MP: 8/8
  5499 | D:5      | Noticed fly's ghost (weakling DgDe)
  5515 | D:5      | Gained mutation: Your system is resistant to poisons.
                  | (rPois) [potion of mutation]
  5516 | D:5      | Lost mutation: Your system is resistant to poisons. (rPois)
                  | [potion of mutation]
  5516 | D:5      | Gained mutation: You are somewhat resistant to further
                  | mutation. [potion of mutation]
  5516 | D:5      | Gained mutation: You are robust. (+10% HP) [potion of
                  | mutation]
  5567 | D:5      | Found a transporter.
  5745 | D:5      | Found a transporter.
  6789 | D:6      | Noticed Dowan
  6792 | D:6      | Noticed Duvessa
  6874 | D:6      | Reached skill level 7 in Shields
  7354 | D:6      | Found an ornate altar of the Wu Jian Council.
  7638 | D:6      | HP: 2/70 [poisoned by a water moccasin]
  7638 | D:6      | Slain by a water moccasin

Illustrated notes

Levels and vault maps discovered:
D:1:      minmay_arrival_statue_studded, layout_basic,
          dreamdust_ecumenical_altar_grove, serial_aquarium,
          aquarium_bridge_straight [aquarium_subvault_bridge,
          aquarium_subvault_wall, aquarium_subvault_bridge,
          aquarium_subvault_wall], aquarium_window_corner, aquarium_window_1,
          aquarium_window_double, aquarium_view_2e, aquarium_view_2d,
          aquarium_pool_2, serial_shops, shop,
          nicolae_shop_competitors_out_of_business,
          chequers_serial_rivers_small_b
D:2:      layout_loops_cross, basic_altar, minmay_rat_gold_closets
D:3:      layout_loops_ring, fedhas_altar_3, nicolae_ru_path_of_blood,
          uniq_grinder
D:4:      layout_cave_pools, old_standard_altar, lemuel_doored_altar,
          nicolae_qazlal_eye_of_the_storm, minmay_misc_feat_alley
D:5:      layout_loops_corners, minmay_temple_entry_glass, gammafunk_ghost_hive
D:6:      layout_basic, nicolae_wu_jian_glorious_leap, uniq_edmund, uniq_duvessa

Skill      XL: |  1  2  3  4  5  6  7  8 |
---------------+-------------------------+-----
Maces & Flails | 3 4 5 6 |  6.7
Fighting       | 4 5 6 |  6.0
Armour         | 4 5 |  5.8
Shields        | 5 6 7 |  7.1

Action                   |  1- 3 |  4- 6 |  7- 9 || total
-------------------------+-------+-------+-------++-------
Melee: Flail             |    43 |       |       ||    43
       Short sword       |    87 |   118 |   339 ||   544
  Use: Potion            |       |       |     6 ||     6
       Scroll            |       |       |     3 ||     3
Armor: Scale mail        |    46 |    16 |       ||    62
       Chain mail        |       |    26 |   157 ||   183
Dodge: Dodged            |    59 |    24 |   116 ||   199
Block: Buckler           |    31 |    15 |   103 ||   149

Table legend: (Time is in decaauts)
 A = Elapsed time spent in this place.
 B = Non-inter-level travel time spent in this place.
 C = Inter-level travel time spent in this place.
 D = Time resting spent in this place.
 E = Time spent auto-exploring this place.
 F = Levels seen in this place.
 G = Mean time per level.
                   A        B        C        D        E       F      G
               +--------+--------+--------+--------+--------+-----+--------+
         Total |   7687 |   7486 |    201 |   2083 |   3511 |   6 | 1281.2 |
       Dungeon |   7687 |   7486 |    201 |   2083 |   3511 |   6 | 1281.2 |
               +--------+--------+--------+--------+--------+-----+--------+

Top non-repeatable levels by time:
     D:5: 1689 daAuts
     D:2: 1394 daAuts
     D:4: 1316 daAuts
     D:1: 1286 daAuts
     D:3: 1120 daAuts
     D:6: 880 daAuts
